 Dungeon Crawl Stone Soup version 0.18-a0-1312-gf98331d (webtiles) character file.

177 Oddball22 the Insei (level 5, -7/25 HPs)
             Began as a Vine Stalker Transmuter on Feb 14, 2016.
             Killed by divine providence
             ... invoked by an orc priest
              (10 damage)
             ... on level 3 of the Dungeon.
             The game lasted 00:07:56 (2116 turns).

Oddball22 the Insei (Vine Stalker Transmuter)       Turns: 2116, Time: 00:07:57

Health: -7/25      AC:  3    Str: 13    XL:     5   Next: 57%
Magic:  0/9        EV: 13    Int: 13    God:
Gold:   175        SH:  0    Dex: 15    Spells: 3 memorised, 2 levels left

rFire  . . .     SeeInvis .       - Unarmed
rCold  . . .     Gourm    .     b - +0 robe
rNeg   . . .     Faith    .     (no shield)
rPois  .         Spirit   +     (no helmet)
rElec  .         Dismiss  .     w - +0 cloak
rCorr  .         Reflect  .     (no gloves)
SustAt .         Harm     .     (no boots)
MR     .....                    (no amulet)
Stlth  +.........               (no ring)
                                t - +2 ring of slaying

@: very slightly contaminated, not resistant to hostile enchantments, very
unstealthy
A: fangs 2, regeneration 1, magic shield, antimagic bite, no device heal 3, rot
immunity
a: no special abilities


You were on level 3 of the Dungeon.
You were not hungry.

You visited 1 branch of the dungeon, and saw 3 of its levels.

You collected 175 gold pieces.

Inventory:

Hand Weapons
 B - a +1 short sword of venom
Missiles
 a - 12 arrows
Armour
 b - a +0 robe (worn)
 w - a +0 cloak (worn)
Jewellery
 t - a +2 ring of slaying (left hand)
Wands
 f - a wand of paralysis (9/24)
 y - a wand of teleportation (6/9)
Scrolls
 e - 2 scrolls of enchant weapon {unknown}
 i - 3 scrolls of remove curse {unknown}
 k - a scroll of fog {unknown}
 l - 3 scrolls of identify {unknown}
 m - a scroll of random uselessness {unknown}
 q - a scroll of amnesia {unknown}
 r - a scroll of fear {unknown}
 s - 3 scrolls of enchant armour {unknown}
 u - a scroll of recharging {unknown}
 C - a scroll of blinking {unknown}
Potions
 g - a potion of lignification {unknown}
 h - a potion of heal wounds {unknown}
 j - a potion of flight {unknown}
 n - a potion of cancellation {unknown}
 o - 2 potions of brilliance {unknown}
 v - a potion of ambrosia {unknown}
 z - a potion of resistance {unknown}
 A - a potion of curing {unknown}
Books
 c - a book of Changes

   Spells                             Type                      Level
   a - Beastly Appendage              Transmutation                1
   b - Sticks to Snakes               Transmutation                2
   c - Spider Form                    Transmutation/Poison         3
   d - Ice Form                       Ice/Transmutation            4
   e - Blade Hands                    Transmutation                5
Comestibles
 d - 2 bread rations
 p - 2 meat rations
 x - 16 chunks of flesh


   Skills:
 - Level 0.8 Fighting
 + Level 2.7 Dodging
 * Level 5.4 Unarmed Combat
 - Level 2.1 Spellcasting
 - Level 2.0 Transmutations


You had 2 spell levels left.
You knew the following spells:

 Your Spells              Type           Power        Failure   Level  Hunger
a - Beastly Appendage     Trmt           #.....       12%         1    ##.....
b - Sticks to Snakes      Trmt           #.......     17%         2    ###....
c - Spider Form           Trmt/Pois      #.........   52%         3    ####...


Dungeon Overview and Level Annotations

Branches:
Dungeon (3/15)

Altars:
Gozag


Innate Abilities, Weirdness & Mutations

You have extremely sharp teeth.
Your natural rate of healing is unusually fast.
When hurt, damage is shared between your health and your magic reserves.
Your bite disrupts and absorbs the magic of your enemies.
Potions and wands cannot restore your health.
You are immune to rotting.


Message History

a chain mail; an orc corpse You hit the orc priest but do no damage.
The orc priest is poisoned.
The orc priest barely misses you.
You hit the orc priest.
The orc priest looks even sicker.
The orc priest is moderately wounded.
The orc priest hits you with a falchion of slicing.
* * * LOW HITPOINT WARNING * * *
x2 You hit the orc priest.
The orc priest is severely wounded.
The orc priest closely misses you.
You hit the orc priest.
You kill the orc priest!
You hit the orc.
The orc is poisoned.
The orc is heavily wounded.
Your transformation has ended.
Your +0 cloak unmelds from your body.
Your +0 robe unmelds from your body.
The orc barely misses you.
The orc priest invokes the aid of Beogh against you.
Something smites you!
You die...

#.##.###.......#
##.#.## ##.##.#.#
#...#######.#.#.#
##..#.#...#..#.#.#
#..)....#..#.#.#.#
#...###...##.#.#.#
#...####.........#
#........###.#.###
#..#####)# #.#@#
###..#####.# #[#o#
.........).###.#o#
####(..).......#.#
####.###########.#
)))..####### #.#
###......... ..#
##.####### ### #.#


You could see an orc priest and an orc.

Vanquished Creatures
  An orc priest (D:3)
  Robin (D:3)
  6 adders
  An ooze (D:1)
  A worm (D:3)
  A giant gecko (D:1)
  An orc (D:3)
  10 bats
  4 giant cockroaches
  18 goblins
  10 hobgoblins
  2 jackals (D:2)
  A quokka (D:2)
  A giant newt (D:2)
  5 kobolds
  8 rats
71 creatures vanquished.

Notes
Turn   | Place    | Note
--------------------------------------------------------------
     0 | D:1      | Oddball22 the Vine Stalker Transmuter began the quest for the Orb.
     0 | D:1      | Reached XP level 1. HP: 9/9 MP: 4/4
   156 | D:1      | Reached XP level 2. HP: 12/14 MP: 6/6
   591 | D:1      | Reached XP level 3. HP: 17/17 MP: 7/7
   793 | D:2      | Reached skill level 4 in Unarmed Combat
   868 | D:2      | Found an opulent altar of Gozag.
   922 | D:2      | Reached XP level 4. HP: 14/21 MP: 8/8
  1064 | D:2      | Found a faded altar to an unknown god.
  1856 | D:3      | Reached XP level 5. HP: 23/25 MP: 6/9
  1875 | D:3      | Learned a level 2 spell: Sticks to Snakes
  1879 | D:3      | Learned a level 3 spell: Spider Form
  1898 | D:3      | Noticed Robin
  1924 | D:3      | Reached skill level 5 in Unarmed Combat
  1943 | D:3      | Killed Robin
  2116 | D:3      | Killed from afar by an orc priest

Vault maps used:
D:1:      minmay_arrival_stair_chambers, minmay_liquid_box
D:2:      grunt_gozag_statues, ecumenical_altar_2
D:3:      uniq_robin

Action                   |  1- 3 |  4- 6 || total
-------------------------+-------+-------++-------
Melee: Unarmed           |    90 |    92 ||   182
 Cast: Beastly Appendage |    17 |    10 ||    27
       Spider Form       |       |     2 ||     2
  Eat: Chunk             |       |     5 ||     5
